 Dungeon Crawl Stone Soup version 0.30-a0-722-g3e6e8c874d (webtiles) character file.

Game seed: 5237201630093802468

7443 Dittersdorf the Basher (level 11, -2/72 HPs)
             Began as a Gargoyle Fighter on Jan 27, 2023.
             Was an Elder of Okawaru.
             Succumbed to barbed spike wounds
             ... on level 3 of the Abyss.
             The game lasted 00:17:30 (10697 turns).

Dittersdorf the Basher (Gargoyle Fighter)          Turns: 10697, Time: 00:17:31

Health: -2/72      AC: 28    Str: 27    XL:     11   Next: 15%
Magic:  11/11      EV:  8    Int:  8    God:    Okawaru [****..]
Gold:   1643       SH:  6    Dex:  9    Spells: 10/10 levels left

rFire   + . .      SeeInvis .    z - +3 morningstar
rCold   . . .      Faith    .    c - +0 buckler
rNeg    + + .      Spirit   .    u - +2 chain mail {rF+}
rPois   ∞          Reflect  .    t - +2 hat
rElec   +          Harm     .    x - +2 cloak "Vilime" {+Blink Str+2}
rCorr   .          Rampage  .    r - +0 pair of gloves
Will    +....                    (no boots) Stlth
                                 (no amulet)
HPRegen 0.32/turn                p - ring "Xussapn" {rPois Will+}
MPRegen 0.12/turn                h - ring of positive energy

@: spiked, studying Maces & Flails
A: sickness immunity, AC +8, negative energy resistance 1, electricity
resistance, torment resistance 1, petrification resistance
a: Renounce Religion, Evoke Blink, Heroism, Finesse


You were on level 3 of the Abyss.
You worshipped Okawaru.
Okawaru was greatly pleased with you.
You visited 2 branches of the dungeon, and saw 10 of its levels.
You visited the Abyss 1 time.
You also visited: Bailey.

You collected 1718 gold pieces.
You spent 75 gold pieces at shops.

Inventory:

Hand Weapons
 z - a +3 morningstar (weapon)
Missiles
 v - 9 curare-tipped darts (quivered)
Armour
 c - a +0 buckler (worn)
 r - a +0 pair of gloves (worn)
 t - a +2 hat (worn)
 u - a +2 chain mail of fire resistance (worn)
 x - the +2 cloak "Vilime" (worn) {+Blink Str+2}
   (You found it in a bailey)

   Str:       It affects your strength (+2).
   +Blink:    It lets you blink.
Jewellery
 a - a ring of positive energy
 h - a ring of positive energy (right hand)
 p - the ring "Xussapn" (left hand) {rPois Will+}
   (You found it on level 3 of the Dungeon)

   [ring of willpower]

   rPois:     It protects you from poison.
   Will:      It increases your willpower.
 A - a ring of protection from cold
Wands
 s - a wand of roots (9)
Scrolls
 f - a scroll of teleportation
 g - a scroll of brand weapon
 n - a scroll of fog
 w - a scroll of enchant weapon
Potions
 b - a potion of cancellation
 d - 2 potions of might
 e - 3 potions of haste
 i - 2 potions of magic
 j - 3 potions of mutation
 l - 4 potions of heal wounds
 m - a potion of invisibility {unknown}
 o - 4 potions of curing
 q - 3 potions of flight
Miscellaneous
 k - a piece from Xom's chessboard (15/15)
 y - a piece from Xom's chessboard (15/15)


   Skills:
 + Level 9.9 Fighting
 + Level 11.9 Maces & Flails
 + Level 9.9 Armour
 + Level 9.8 Shields


You had 10 spell levels left.
You didn't know any spells.
Your spell library contained the following spells:

 Spells                   Type           Power      Damage    Failure   Level
 Shock                    Conj/Air       0%         1d3       94%         1
 Sting                    Tmut/Pois      0%         1d3       94%         1
 Lesser Beckoning         Tloc           0%         N/A       98%         2
 Dazzling Flash           Conj/Hex       0%         N/A       100%        3
 Gell's Gravitas          Tloc           0%         N/A       100%        3
 Ignite Poison            Fire/Tmut/Pois 0%         N/A       100%        3
 Swiftness                Air            0%         N/A       100%        3
 Teleport Other           Tloc           0%         N/A       100%        3
 Airstrike                Air            0%         2d(0-16)  100%        4
 Sticky Flame             Conj/Fire      0%         2d3       100%        4
 Agony                    Necr           0%         N/A       100%        5
 Lightning Bolt           Conj/Air       0%         1d11      100%        5
 Silence                  Hex/Air        0%         N/A       100%        5
 Yara's Violent Unravell  Hex/Tmut       0%         3d3       100%        5
 Ignition                 Fire           0%         3d3       100%        8


Dungeon Overview and Level Annotations

Branches:
Dungeon (9/15)             Temple (1/1) D:4          Bailey (visited)
   Lair: D:8-11         Orc: D:9-12

Altars:
Ashenzari
Cheibriados
Dithmenos
Elyvilon
Fedhas
Gozag
Hepliaklqana
Kikubaaqudgha
Makhleb
Nemelex Xobeh
Okawaru
Qazlal
Ru
Sif Muna
Trog
Vehumet
Wu Jian
Xom
Yredelemnul
Zin
The Shining One

Shops:
D:1 [   D:7 *

Annotations:
D:9 Psyche


Innate Abilities, Weirdness & Mutations

You are immune to sickness and miasma.
Your stone body is resilient. (AC +8)
You are immune to poison.
You resist negative energy. (rN+)
You are resistant to electric shocks. (rElec)
You are resistant to unholy torment.
You are immune to petrification.


Message History

The manticore bites you but does no damage.
The manticore barely misses you.
The manticore claws you but does no damage.
The worldbinder attacks as you move away!
The worldbinder hits you but does no damage.
The worldbinder hits you.
The worldbinder attacks as you move away!
You block the worldbinder's attack.
The worldbinder hits you but does no damage.
The worldbinder calls forth creatures from the Shoals!
The snapping turtle disappears in a puff of smoke!
The merfolk aquamancer hits you but does no damage.
The merfolk aquamancer attacks as you move away!
The merfolk aquamancer hits you but does no damage.
The manticore disappears in a puff of smoke!
The worldbinder calls forth creatures from the Shoals!
The merfolk aquamancer gestures at you while chanting.
The torrent of water hits you!
The wave splashes down.
Splash!
You fall into the shallow water.
Moving in this stuff is going to be slow.
The manticore flicks its tail.
The volley of spikes hits you!
The barbed spikes become lodged in your body.
* * * LOW HITPOINT WARNING * * *
You hear a shout!
You hear a bellow!
The barbs in your skin will harm you if you move.
Continue? [Y]es or [N]o only, please.
The barbs in your skin will harm you if you move.
Continue? [Y]es or [N]o only, please.
The barbs in your skin will harm you if you move.
Continue?
The barbed spikes dig painfully into your body as you move.
* * * LOW HITPOINT WARNING * * *
The worldbinder hits you but does no damage.
The worldbinder closely misses you.
The merfolk aquamancer hits you with a +0 rapier!
* * * LOW HITPOINT WARNING * * *
A smoke demon comes into view.
The barbed spikes dig painfully into your body as you move.
You die...

......3....
..........
.......... ...
......... ......
......... ......
#......# ......
##......##......
.......@........
.......~~.......
......~xm.......
......~~.H......
.........H......
................
##......##......
#......# ......
......... ......


You could see a merfolk aquamancer (summoned), 2 manticores, a worldbinder and a
smoke demon (wandering).

Vanquished Creatures
  Amaemon (D:7)
  Pikel (D:7)
  An orange demon (D:8)
  4 yaks (D:9)
  A wyvern (D:5)
  Menkaure (D:5)
  An acid dragon (D:8)
  2 sky beasts
  An ice beast (D:5)
  3 orc warriors
  4 black bears
  3 ogres
  4 centaurs
  A phantom (D:4)
  3 lemures
  Blork the orc (D:4)
  6 kobold brigands
  A bullfrog (D:7)
  3 necrophages
  A gnoll sergeant (D:5)
  2 scorpions
  22 wights
  12 killer bees
  3 jellies
  An electric eel (D:7)
  2 gnoll boudas
  10 orc priests
  3 hounds
  An iguana (D:4)
  7 orc wizards
  12 gnolls
  5 adders
  A shadow imp (D:7)
  2 worms (D:5)
  2 adder zombies (D:3)
  3 dart slugs
  20 orcs
  6 ball pythons
  8 endoplasms
  5 giant cockroaches
  13 goblins
  6 hobgoblins
  8 jackals
  6 quokkas
  5 bats
  2 frilled lizards
  A giant cockroach zombie (D:3)
  30 kobolds
  6 rats
247 creatures vanquished.

Notes
Turn   | Place    | Note
-------+----------+-------------------------------------------
     0 | D:1      | Dittersdorf the Gargoyle Fighter began the quest for the
                  | Orb.
     0 | D:1      | Reached XP level 1. HP: 14/14 MP: 1/1
    49 | D:1      | Reached XP level 2. HP: 10/19 MP: 2/2
   200 | D:1      | Reached XP level 3. HP: 21/23 MP: 3/3
   285 | D:1      | Found Cydawouh's Antique Armour Shop.
   872 | D:2      | Reached XP level 4. HP: 26/29 MP: 4/4
  1490 | D:3      | Identified the ring "Xussapn" {rPois Will+}
  1735 | D:3      | Found a basalt altar of Yredelemnul.
  1997 | D:3      | Reached skill level 3 in Maces & Flails
  1997 | D:3      | Reached XP level 5. HP: 33/33 MP: 5/5
  2438 | D:3      | Found a sacrificial altar of Ru.
  2579 | D:4      | Identified a scroll of acquirement
  2579 | D:4      | Acquired a manual of Maces & Flails
  2710 | D:4      | Reached XP level 6. HP: 33/39 MP: 6/6
  2851 | D:4      | Reached skill level 4 in Maces & Flails
  3096 | D:4      | Found a staircase to the Ecumenical Temple.
  3102 | Temple   | Entered the Ecumenical Temple
  3844 | D:4      | Reached skill level 5 in Armour
  3850 | D:4      | Reached skill level 5 in Fighting
  3850 | D:4      | Reached skill level 5 in Shields
  3934 | D:4      | Found a staircase to the Ecumenical Temple.
  4102 | D:5      | Entered Level 5 of the Dungeon
  4148 | D:5      | Reached XP level 7. HP: 43/44 MP: 7/7
  4178 | D:5      | Reached skill level 5 in Maces & Flails
  4312 | D:5      | Noticed Menkaure
  4320 | D:5      | Killed Menkaure
  4359 | D:5      | Noticed Blork the orc
  4672 | D:4      | Killed Blork the orc
  4696 | D:4      | Reached skill level 6 in Maces & Flails
  4696 | D:4      | Reached XP level 8. HP: 41/51 MP: 8/8
  4790 | D:5      | Found a shimmering altar of Xom.
  4992 | D:5      | Found an ancient bone altar of Kikubaaqudgha.
  5457 | D:5      | Found an iron altar of Okawaru.
  5463 | D:5      | Became a worshipper of Warmaster Okawaru
  5532 | D:5      | Found a burning altar of Makhleb.
  5629 | D:5      | Reached skill level 7 in Maces & Flails
  6199 | D:6      | Noticed a wyvern
  6213 | D:5      | Killed a wyvern
  6221 | D:5      | Reached XP level 9. HP: 32/56 MP: 9/9
  6315 | D:5      | Reached * piety under Okawaru
  6425 | D:5      | Reached skill level 8 in Maces & Flails
  6485 | D:6      | Found a snail-covered altar of Cheibriados.
  7067 | D:6      | Reached skill level 9 in Maces & Flails
  7122 | D:7      | Reached ** piety under Okawaru
  7152 | D:7      | Found Ziniphan's General Store.
  7311 | D:7      | Found a shadowy altar of Dithmenos.
  7312 | D:7      | Found a sparkling altar of Nemelex Xobeh.
  7357 | D:7      | Reached XP level 10. HP: 36/64 MP: 10/10
  7394 | D:7      | Found a flagged portal.
  7439 | Bailey   | Entered a bailey
  7503 | Bailey   | Reached skill level 10 in Maces & Flails
  7872 | Bailey   | Identified the +2 cloak "Vilime" {+Blink Str+2}
  7923 | Bailey   | Found a burning altar of Makhleb.
  8647 | D:7      | Bought a potion of heal wounds for 75 gold pieces
  8787 | D:8      | Reached *** piety under Okawaru
  8852 | D:8      | Found a stormy altar of Qazlal.
  8924 | D:8      | Noticed Amaemon
  8925 | D:8      | Noticed an orange demon
  8943 | D:8      | Noticed Pikel
  8963 | D:7      | Killed Pikel
  9160 | D:7      | Reached skill level 11 in Maces & Flails
  9287 | D:7      | Killed Amaemon
  9287 | D:7      | Received a gift from Okawaru
  9287 | D:7      | Reached **** piety under Okawaru
  9500 | D:8      | Killed an orange demon
  9691 | D:8      | Found a blossoming altar of Fedhas.
  9725 | D:8      | Got the Omnibus of Remoulded Anemomancy
  9734 | D:8      | Reached XP level 11. HP: 71/71 MP: 11/11
 10447 | D:9      | Noticed Psyche
 10489 | Abyss:2  | Cast into level 2 of the Abyss (Psyche)
 10549 | Abyss:2  | Found a corrupted altar of Lugonu.
 10678 | Abyss:3  | Found a corrupted altar of Lugonu.
 10679 | Abyss:3  | Noticed a worldbinder
 10683 | Abyss:3  | Noticed a manticore
 10693 | Abyss:3  | Noticed a manticore
 10693 | Abyss:3  | Noticed a merfolk aquamancer
 10695 | Abyss:3  | Noticed a manticore
 10697 | Abyss:3  | Succumbed to barbed spike wounds

Illustrated notes

Levels and vault maps discovered:
D:1:      dpeg_arrival_fog, layout_loops_cross, serial_shops, shop
D:2:      wad_pebble_path, layout_basic, minivault_4
D:3:      layout_loops_corners, nicolae_yredelemnul_corpse_copse,
          nicolae_ru_path_of_blood, minmay_checkerbox
D:4:      layout_basic, minmay_temple_entry_statues, interstate_on_off
D:5:      layout_loops_ring, mainiacjoe_overflow_six_doors_small,
          mainiacjoe_overflow_concentric_impassable, xom_butterflies,
          bloody_makhleb, kennysheep_donut, uniq_menkaure, uniq_blork_the_orc
D:6:      layout_cave_pools, lemuel_doored_altar
D:7:      layout_basic, nicolae_overflow_squiral, enter_bailey_3, serial_shops,
          nicolae_inconvenience_store
D:8:      layout_cave_pools, grunt_qazlal_sundering, old_standard_altar,
          uniq_amaemon, uniq_pikel
D:9:      layout_irregular_city, uniq_psyche
Temple:   eino_temple_lava
Abyss:3:  base: D:8, patterned_corridor

Skill      XL: |  1  2  3  4  5  6  7  8  9 10 |
---------------+-------------------------------+-----
Fighting       | 4 5 6 8 9 |  9.9
Armour         | 4 5 6 8 9 |  9.9
Shields        | 4 5 6 8 9 |  9.8
Maces & Flails | 3 4 6 7 9 11 | 11.9

Action                     |  1- 3 |  4- 6 |  7- 9 | 10-12 || total
---------------------------+-------+-------+-------+-------++-------
  Melee: Flail             |   101 |   212 |   272 |       ||   585
         Morningstar       |       |       |    90 |   340 ||   430
         Unarmed           |       |       |       |     1 ||     1
  Throw: Dart              |       |       |       |     6 ||     6
 Invoke: Heroism           |       |       |       |     1 ||     1
    Use: Scroll            |       |    13 |     5 |     3 ||    21
         Potion            |       |       |       |     4 ||     4
 Armour: Scale mail        |    49 |    55 |       |       ||   104
         Chain mail        |       |    71 |   258 |   370 ||   699
         Leather armour    |       |     3 |       |       ||     3
  Dodge: Dodged            |    44 |    91 |   137 |   213 ||   485
  Block: Buckler           |    22 |    41 |    83 |   155 ||   301

Table legend: (Time is in decaauts)
 A = Elapsed time spent in this place.
 B = Non-inter-level travel time spent in this place.
 C = Inter-level travel time spent in this place.
 D = Time resting spent in this place.
 E = Time spent auto-exploring this place.
 F = Levels seen in this place.
 G = Mean time per level.
                   A        B        C        D        E       F      G
               +--------+--------+--------+--------+--------+-----+--------+
         Total |  10833 |  10284 |    549 |   2535 |   5209 |  13 |  833.3 |
       Dungeon |  10035 |   9493 |    542 |   2044 |   5116 |   9 | 1115.0 |
        Temple |     73 |     66 |      7 |      0 |     62 |   1 |   73.0 |
         Abyss |    207 |    207 |      0 |    140 |      0 |   2 |  103.5 |
        Bailey |    516 |    516 |      0 |    351 |     30 |   1 |  516.0 |
               +--------+--------+--------+--------+--------+-----+--------+

Top non-repeatable levels by time:
     D:4: 1828 daAuts
     D:5: 1705 daAuts
     D:7: 1580 daAuts
     D:3: 1234 daAuts
     D:8: 1021 daAuts
     D:6: 1007 daAuts
     D:1: 818 daAuts
     D:2: 639 daAuts
  Bailey: 516 daAuts
     D:9: 199 daAuts
 Abyss:2: 168 daAuts
  Temple: 73 daAuts
 Abyss:3: 39 daAuts
